 Dungeon Crawl Stone Soup version 0.24-a0-439-g6dd8730de2 (console) character file.

Game seed: 11109399775856858663

52 Emru the Skirmisher (level 3, -5/34 HPs)
             Began as a Hill Orc Fighter on May 14, 2019.
             Killed from afar by Natasha (9 damage)
             ... with a magic dart
             ... on level 2 of the Dungeon on June 18, 2019.
             The game lasted 00:03:18 (791 turns).

Emru the Skirmisher (Hill Orc Fighter)               Turns: 791, Time: 00:03:19

Health: -5/34      AC:  8    Str: 19    XL:     3   Next: 85%
Magic:  3/3        EV:  7    Int:  8    God:
Gold:   79         SH:  9    Dex: 10    Spells: 2/2 levels left

rFire    . . .     SeeInvis .   a - +0 war axe
rCold    . . .     Gourm    +   c - +0 shield
rNeg     . . .     Faith    .   b - +0 scale mail
rPois    .         Spirit   .   e - +0 helmet
rElec    .         Reflect  .   (no cloak)
rCorr    .         Harm     .   (no gloves)
MR       .....                  (no boots)
Stlth    ..........             k - amulet of the gourmand
HPRegen  0.11/turn              (no ring)
MPRegen  0.08/turn              (no ring)

@: no status effects
A: no striking features
a: no special abilities


You were on level 2 of the Dungeon.
You were very full.

You visited 1 branch of the dungeon, and saw 2 of its levels.

You collected 79 gold pieces.

Inventory:

Hand Weapons
 a - a +0 war axe (weapon)
Armour
 b - a +0 scale mail (worn)
 c - a +0 shield (worn)
 e - a +0 helmet (worn)
Jewellery
 k - an amulet of the gourmand (around neck)
Scrolls
 h - a scroll of identify {unknown}
 i - a scroll of remove curse {unknown}
 j - a scroll of immolation {unknown}
Potions
 d - a potion of might
 g - 2 potions of berserk rage {unknown}
Comestibles
 f - a ration


   Skills:
 + Level 4.4 Fighting
 * Level 3.7 Axes
 + Level 3.6 Armour
 + Level 3.6 Shields


You had 2 spell levels left.
You didn't know any spells.
Your spell library was empty.

Dungeon Overview and Level Annotations

Branches:
Dungeon (2/15)

Altars:
Okawaru

Annotations:
D:2 Natasha


Message History

The magic dart hits you!
You hit Natasha.
Natasha is moderately wounded.
Natasha claws you but does no damage.
You hit Natasha.
Natasha is heavily wounded.
Natasha wildly gestures.
You feel disoriented. Natasha closely misses you.
You miss Natasha.
Natasha is heavily wounded.
Natasha claws you!
* * * LOW HITPOINT WARNING * * *
Natasha claws you.
* * * LOW HITPOINT WARNING * * *
You hit Natasha.
Natasha is severely wounded.
Natasha stares at you and mumbles some strange words.
The magic dart hits you!
You die...

###### #### #....# .....
#....#
......###############....#
.....5gSh@..........'.....
......###############....#
###.. #....# #. #####. .'
#> ## #. #. #. #.#####.


You could see Natasha, an adder, a shadow imp and a hobgoblin.

Vanquished Creatures
  A worker ant (D:2)
  An adder (D:2)
  A dart slug (D:1)
  A bat (D:2)
  4 giant cockroaches
  3 goblins
  2 hobgoblins (D:1)
  4 rats
17 creatures vanquished.

Notes
Turn   | Place    | Note
-------+----------+-------------------------------------------
     0 | D:1      | Emru the Hill Orc Fighter began the quest for the Orb.
     0 | D:1      | Reached XP level 1. HP: 19/19 MP: 1/1
   291 | D:1      | Reached XP level 2. HP: 27/27 MP: 2/2
   647 | D:1      | Upgraded the game from 0.24-a0-309-g1095bcad4c to
                  | 0.24-a0-439-g6dd8730de2
   694 | D:2      | Reached skill level 4 in Fighting
   709 | D:2      | Found an iron altar of Okawaru.
   712 | D:2      | Reached XP level 3. HP: 34/34 MP: 3/3
   772 | D:2      | Noticed Natasha
   791 | D:2      | Killed from afar by Natasha

Levels and vault maps discovered:
D:1:      dpeg_arrival_pits, layout_basic, amethyst_killhole
D:2:      layout_basic, lemuel_crystal_altar, kennysheep_generic_room_4,
          uniq_robin, uniq_natasha, uniq_terence

Skill      XL: |  1  2 |
---------------+-------+-----
Axes           | 3 |  3.7
Fighting       | 4 |  4.4
Armour         | |  3.6
Shields        | |  3.6

Action                   || total
-------------------------++-------
Melee: War axe           ||    48
  Eat: Ration            ||     2
       Chunk             ||     1
Armor: Scale mail        ||    14
Dodge: Dodged            ||    10
Block: Shield            ||    22

Table legend:
 A = Non-vault XP
 B = Vault XP
 C = Vault XP percentage of total XP
 D = Non-vault monster count
 E = Vault monster count
 F = Vault count percentage of total count
                 A         B        C        D         E       F
            +---------+---------+-------+---------+---------+-------
      Total |      75 |       0 |   0.0 |      17 |       0 |   0.0
            +---------+---------+-------+---------+---------+-------
        D:1 |      18 |       0 |   0.0 |       9 |       0 |   0.0
        D:2 |      57 |       0 |   0.0 |       8 |       0 |   0.0
            +---------+---------+-------+---------+---------+-------
